 Dungeon Crawl Stone Soup version 0.30-a0-341-g682706514a (webtiles) character file.

Game seed: 2685385241293960818

583 themarg the Skirmisher (level 7, -3/56 HPs)
             Began as a Gnoll Hunter on Nov 5, 2022.
             Slain by an ogre
             ... wielding a +0 giant spiked club
              (18 damage)
             ... on level 5 of the Dungeon.
             The game lasted 00:12:16 (3524 turns).

themarg the Skirmisher (Gnoll Hunter)               Turns: 3524, Time: 00:12:16

Health: -3/56      AC:  5    Str: 12    XL:     7   Next: 37%
Magic:  10/10      EV: 13    Int:  9    God:
Gold:   300        SH:  5    Dex: 15    Spells: 11/11 levels left

rFire   . . .      SeeInvis .    a - +0 shortbow
rCold   . . .      Faith    .    (shield currently unavailable)
rNeg    . . .      Spirit   .    c - +0 leather armour
rPois   .          Reflect  +    (no helmet)
rElec   .          Harm     .    z - scarf {+Inv}
rCorr   .          Rampage  .    k - +0 pair of gloves
Will    +....                    s - +0 pair of boots
Stlth   ++........               n - amulet of reflection
HPRegen 0.29/turn                q - ring of willpower
MPRegen 0.12/turn                (no ring)

@: no status effects
A: fangs 1, strong nose, distributed training
a: Evoke Invisibility


You were on level 5 of the Dungeon.
You visited 1 branch of the dungeon, and saw 5 of its levels.
You also visited: Sewer.

You collected 300 gold pieces.

Inventory:

Hand Weapons
 a - a +0 shortbow (weapon)
Missiles
 e - 34 stones
 h - 7 javelins
Armour
 c - a +0 leather armour (worn)
 k - a +0 pair of gloves (worn)
 s - a +0 pair of boots (worn)
 z - a scarf of invisibility (worn)
Jewellery
 n - an amulet of reflection (around neck)
 q - a ring of willpower (left hand)
Scrolls
 b - 4 scrolls of immolation
 d - a scroll of fear {unknown}
 f - a scroll of poison {unknown}
 m - a scroll of silence {unknown}
 o - a scroll of vulnerability {unknown}
 r - a scroll of teleportation
 v - a scroll of enchant armour {unknown}
 w - a scroll of butterflies
 y - a scroll of noise {unknown}
 A - a scroll of identify
Potions
 g - 3 potions of might
 i - a potion of degeneration {unknown}
 j - 4 potions of mutation
 l - 5 potions of flight
 p - a potion of attraction
 t - a potion of haste {unknown}
 u - 2 potions of curing
 x - 2 potions of heal wounds {unknown}
 B - a potion of cancellation {unknown}


   Skills:
 + Level 5.2 Fighting
 + Level 2.5 Short Blades
 + Level 2.5 Long Blades
 + Level 2.5 Axes
 + Level 2.5 Maces & Flails
 + Level 2.5 Polearms
 + Level 2.5 Staves
 + Level 8.9 Ranged Weapons
 + Level 2.5 Throwing
 + Level 2.5 Armour
 + Level 5.2 Dodging
 + Level 3.5 Stealth
 + Level 2.5 Shields
 + Level 2.5 Unarmed Combat
 + Level 2.5 Spellcasting
 + Level 2.0 Conjurations
 + Level 2.0 Hexes
 + Level 2.0 Summonings
 + Level 2.0 Necromancy
 + Level 2.0 Translocations
 + Level 2.0 Transmutations
 + Level 2.0 Fire Magic
 + Level 2.0 Ice Magic
 + Level 2.0 Air Magic
 + Level 2.0 Earth Magic
 + Level 2.0 Poison Magic
 + Level 2.8 Invocations
 + Level 2.5 Evocations


You had 11 spell levels left.
You didn't know any spells.
Your spell library contained the following spells:

 Spells                   Type           Power      Damage    Failure   Level
 Animate Dead             Necr           4%         N/A       86%         4
 Haunt                    Necr/Summ      2%         N/A       100%        7
 Infestation              Necr           2%         N/A       100%        8


Dungeon Overview and Level Annotations

Branches:
Dungeon (5/15)              Sewer (visited)
 Temple: D:4-7

Altars:
Gozag
Okawaru
Sif Muna
Vehumet
Wu Jian
The Shining One

Annotations:
D:4 exclusions: Ijyb and 1 more exclusion, Pikel


Innate Abilities, Weirdness & Mutations

You have very sharp teeth.
Your uncanny sense of smell can sniff out nearby items.
Your experience applies equally to all skills.


Message History

The arrow hits the ogre but does no damage.
The ogre is heavily wounded.
Fire: a) +0 shortbow
Press: ? - help, Q - select action, (/) - cycle Shift-Dir - straight line, f/p - ogre
Aim: an ogre, wielding a +0 giant spiked club (heavily wounded, 78% to hit)
You shoot an arrow.
The arrow hits the ogre but does no damage.
The ogre is heavily wounded.
The ogre barely misses you.
Fire: a) +0 shortbow
Press: ? - help, Q - select action, (/) - cycle Shift-Dir - straight line, f/p - ogre
Aim: an ogre, wielding a +0 giant spiked club (heavily wounded, 78% to hit)
You shoot an arrow. The arrow hits the ogre!
The ogre is almost dead.
The ogre hits you with a +0 giant spiked club!!
Ouch! That really hurt!
* * * LOW HITPOINT WARNING * * *
Fire: a) +0 shortbow
Press: ? - help, Q - select action, (/) - cycle Shift-Dir - straight line, f/p - ogre
Aim: an ogre, wielding a +0 giant spiked club (almost dead, 78% to hit)
You shoot an arrow. The arrow barely misses the ogre.
The ogre hits you with a +0 giant spiked club.
* * * LOW HITPOINT WARNING * * *
Fire: a) +0 shortbow
Press: ? - help, Q - select action, (/) - cycle Shift-Dir - straight line, f/p - ogre
Aim: an ogre, wielding a +0 giant spiked club (severely wounded, 78% to hit)
You shoot an arrow. The arrow hits the ogre.
The ogre is severely wounded.
Fire: a) +0 shortbow
Press: ? - help, Q - select action, (/) - cycle Shift-Dir - straight line, f/p - ogre
Aim: an ogre, wielding a +0 giant spiked club (severely wounded, 78% to hit)
You shoot an arrow. The arrow completely misses the ogre.
You block the ogre's attack.
Fire: a) +0 shortbow
Press: ? - help, Q - select action, (/) - cycle Shift-Dir - straight line, f/p - ogre
Aim: an ogre, wielding a +0 giant spiked club (severely wounded, 78% to hit)
You shoot an arrow. The arrow hits the ogre.
The ogre is severely wounded.
The ogre hits you with a +0 giant spiked club!!
You die...

### #### ########### #.. ..#
..........# #.# #.# ####
#########.# ##.########.####...
#.# #..................
#########.#####..########.####...
.............##.O# #.# ##.#
###.##.##.##.##.@# #.# #.#
#.##.##.##.##..# ##.#####)#
#.##.##.##.##..# #.....##.#
###.##.##.##.##..# #####.....##.#
^.........##.##..# #..........#.#
######..####.##..###..#######....
#..####.#[.......# #..#.
#.........###....# #.##.
##.####...# #..### #.#..


You could see an ogre.

Vanquished Creatures
  A phantom (D:4)
  A lemure (D:4)
  A scorpion (D:5)
  A necrophage (D:5)
  A hound (D:4)
  Ijyb (D:4)
  A merfolk siren (Sewer)
  2 orc wizards
  A merfolk avatar (Sewer)
  7 adders
  2 river rats (Sewer)
  An ufetubus (D:5)
  3 worms (D:2)
  2 dart slugs
  7 orcs
  7 ball pythons
  6 endoplasms
  5 giant cockroaches
  6 goblins
  10 hobgoblins
  6 jackals
  7 quokkas
  4 bats
  8 frilled lizards
  5 kobolds
  29 rats
125 creatures vanquished.

Vanquished Creatures (others)
  An orc wizard (D:5)
1 creature vanquished.

Grand Total: 126 creatures vanquished

Notes
Turn   | Place    | Note
-------+----------+-------------------------------------------
     0 | D:1      | themarg the Gnoll Hunter began the quest for the Orb.
     0 | D:1      | Reached XP level 1. HP: 20/20 MP: 1/1
    87 | D:1      | Reached XP level 2. HP: 26/26 MP: 2/2
   266 | D:1      | Reached XP level 3. HP: 24/31 MP: 3/3
   527 | D:2      | Reached skill level 1 in Invocations
   698 | D:2      | Reached skill level 1 in Short Blades
   698 | D:2      | Reached skill level 1 in Long Blades
   698 | D:2      | Reached skill level 1 in Axes
   698 | D:2      | Reached skill level 1 in Maces & Flails
   698 | D:2      | Reached skill level 1 in Polearms
   698 | D:2      | Reached skill level 1 in Staves
   698 | D:2      | Reached skill level 1 in Throwing
   698 | D:2      | Reached skill level 1 in Armour
   698 | D:2      | Reached skill level 1 in Shields
   698 | D:2      | Reached skill level 1 in Unarmed Combat
   698 | D:2      | Reached skill level 1 in Spellcasting
   698 | D:2      | Reached skill level 1 in Evocations
   723 | D:2      | Found a shimmering blue altar of Sif Muna.
   793 | D:2      | Reached XP level 4. HP: 38/38 MP: 5/5
  1016 | D:3      | Found an iron altar of Okawaru.
  1066 | D:3      | Found a radiant altar of Vehumet.
  1075 | D:3      | Found a glowing drain.
  1081 | D:3      | Reached skill level 1 in Conjurations
  1081 | D:3      | Reached skill level 1 in Hexes
  1081 | D:3      | Reached skill level 1 in Summonings
  1081 | D:3      | Reached skill level 1 in Necromancy
  1081 | D:3      | Reached skill level 1 in Translocations
  1081 | D:3      | Reached skill level 1 in Transmutations
  1081 | D:3      | Reached skill level 1 in Fire Magic
  1081 | D:3      | Reached skill level 1 in Ice Magic
  1081 | D:3      | Reached skill level 1 in Air Magic
  1081 | D:3      | Reached skill level 1 in Earth Magic
  1081 | D:3      | Reached skill level 1 in Poison Magic
  1086 | Sewer    | Entered a sewer
  1206 | Sewer    | Reached XP level 5. HP: 41/43 MP: 7/7
  1314 | Sewer    | Noticed a malarious merfolk avatar
  1319 | Sewer    | Killed a malarious merfolk avatar
  1431 | D:3      | Found a glowing golden altar of the Shining One.
  1506 | D:3      | Found a faded altar of an unknown god.
  1607 | D:3      | Found an opulent altar of Gozag.
  2099 | D:4      | Reached XP level 6. HP: 50/50 MP: 8/8
  2278 | D:4      | Found an ornate altar of the Wu Jian Council.
  2313 | D:4      | Noticed Pikel
  2507 | D:4      | Reached skill level 5 in Fighting
  2507 | D:4      | Reached skill level 5 in Dodging
  2596 | D:4      | Noticed Ijyb
  2988 | D:4      | Killed Ijyb
  3201 | D:5      | Entered Level 5 of the Dungeon
  3269 | D:5      | Reached XP level 7. HP: 48/56 MP: 10/10
  3524 | D:5      | Slain by an ogre

Illustrated notes

Levels and vault maps discovered:
D:1:      sevenhm_arrival_forest_fort_small_4, layout_rooms
D:2:      layout_rooms, basic_altar
D:3:      layout_basic, vehumet_crystals, mainiacjoe_overflow_paths,
          lemuel_tele_altar, mainiacjoe_overflow_small_starburst,
          portal_sewer_entry_a, basic_ecumenical_altar
D:4:      layout_basic, mainiacjoe_overflow_tiny_flanked, uniq_ijyb, uniq_pikel
D:5:      layout_loops_ring, kennysheep_path_1, grunt_tough_drop,
          uniq_blork_the_orc

Skill      XL: |  1  2  3  4  5  6  7 |
---------------+----------------------+-----
Invocations    | 1 2 |  2.8
Short Blades   | 1 2 |  2.5
Long Blades    | 1 2 |  2.5
Axes           | 1 2 |  2.5
Maces & Flails | 1 2 |  2.5
Polearms       | 1 2 |  2.5
Staves         | 1 2 |  2.5
Throwing       | 1 2 |  2.5
Armour         | 1 2 |  2.5
Shields        | 1 2 |  2.5
Unarmed Combat | 1 2 |  2.5
Spellcasting   | 1 2 |  2.5
Evocations     | 1 2 |  2.5
Conjurations   | 1 2 |  2.0
Hexes          | 1 2 |  2.0
Summonings     | 1 2 |  2.0
Necromancy     | 1 2 |  2.0
Translocations | 1 2 |  2.0
Transmutations | 1 2 |  2.0
Fire Magic     | 1 2 |  2.0
Ice Magic      | 1 2 |  2.0
Air Magic      | 1 2 |  2.0
Earth Magic    | 1 2 |  2.0
Poison Magic   | 1 2 |  2.0
Stealth        | 3 |  3.5
Fighting       | 5 |  5.2
Dodging        | 5 |  5.2
Ranged Weapons | |  8.9

Action                   |  1- 3 |  4- 6 |  7- 9 || total
-------------------------+-------+-------+-------++-------
 Fire: Shortbow          |   114 |   234 |    37 ||   385
  Use: Scroll            |       |     7 |       ||     7
Armor: Leather armour    |    12 |    19 |     3 ||    34
Dodge: Dodged            |    17 |    52 |    25 ||    94
Block: Other             |     2 |    17 |     6 ||    25
       Reflection        |       |     1 |       ||     1

Table legend: (Time is in decaauts)
 A = Elapsed time spent in this place.
 B = Non-inter-level travel time spent in this place.
 C = Inter-level travel time spent in this place.
 D = Time resting spent in this place.
 E = Time spent auto-exploring this place.
 F = Levels seen in this place.
 G = Mean time per level.
                   A        B        C        D        E       F      G
               +--------+--------+--------+--------+--------+-----+--------+
         Total |   3597 |   3470 |    127 |    604 |   2065 |   6 |  599.5 |
       Dungeon |   3277 |   3150 |    127 |    604 |   1902 |   5 |  655.4 |
         Sewer |    319 |    319 |      0 |      0 |    163 |   1 |  319.0 |
               +--------+--------+--------+--------+--------+-----+--------+

Top non-repeatable levels by time:
     D:4: 1095 daAuts
     D:3: 887 daAuts
     D:1: 514 daAuts
     D:2: 453 daAuts
     D:5: 326 daAuts
   Sewer: 319 daAuts
